 Dungeon Crawl Stone Soup version 0.30-a0-250-g41c1d76940 (webtiles) character file.

Game seed: 826835289472759744

21 gzilladon the Sneak (level 2, 0/17 HPs)
             Began as an Octopode Enchanter on Oct 12, 2022.
             Succumbed to an adder's poison
             ... on level 1 of the Dungeon.
             The game lasted 00:05:25 (719 turns).

gzilladon the Sneak (Octopode Enchanter)             Turns: 719, Time: 00:05:25

Health: 0/17       AC:  1    Str:  7    XL:     2   Next: 83%
Magic:  5/5        EV: 13    Int: 17    God:
Gold:   99         SH:  0    Dex: 12    Spells: 3/5 levels left

rFire   . . .      SeeInvis .    e - staff of earth
rCold   . . .      Faith    .    (no shield)
rNeg    . . .      Spirit   .    (helmet restricted)
rPois   .          Reflect  .    (no amulet)
rElec   .          Harm     .    (no ring)
rCorr   .          Rampage  .    (no ring)
Will    .....                    (no ring)
Stlth   ++++......               (no ring)
HPRegen 0.22/turn                (no ring)
MPRegen 0.09/turn                (no ring)
                                 (no ring)
                                 (no ring)

@: mighty, lethally poisoned (0 -> -1)
A: almost no armour, amphibious, 8 rings, camouflage 1, gelatinous body 1,
(nimble swimmer 1), tentacles
a: no special abilities


You were on level 1 of the Dungeon.
You visited 1 branch of the dungeon, and saw 2 of its levels.

You collected 99 gold pieces.

Inventory:

Hand Weapons
 a - a +1 dagger
Missiles
 f - 8 stones (quivered)
Magical Staves
 e - a staff of earth (weapon)
Scrolls
 d - a scroll of enchant armour {unknown}
 h - a scroll of identify {unknown}
Potions
 b - a potion of invisibility
 g - a potion of curing {unknown}


   Skills:
 + Level 1.0 Short Blades
 + Level 2.0 Dodging
 * Level 4.6 Stealth
 + Level 2.0 Spellcasting
 + Level 3.2 Hexes
 * Level 1.2 Evocations


You had 3 spell levels left.
You knew the following spells:

 Your Spells              Type           Power      Damage    Failure   Level
a - Ensorcelled Hibernat  Hex/Ice        14%        N/A       16%         2

Your spell library contained the following spells:

 Spells                   Type           Power      Damage    Failure   Level
 Confusing Touch          Hex            12%        N/A       16%         3
 Tukima's Dance           Hex            12%        N/A       16%         3
 Dazzling Flash           Conj/Hex       14%        N/A       30%         3
 Stone Arrow              Conj/Erth      4%         3d7       50%         3
 Lehudib's Crystal Spear  Conj/Erth      1%         10d2      100%        8
 Animate Armour           Summ/Erth      Unusable   N/A       N/A         4

Dungeon Overview and Level Annotations

Branches:
Dungeon (2/15)

Altars:


Innate Abilities, Weirdness & Mutations

You cannot wear most types of armour.
You are amphibious.
You can wear up to eight rings at the same time.
Your skin changes colour to match your surroundings (Stealth+).
Your rubbery body absorbs attacks. (AC +1, EV +1)
((You are camouflaged when in or above water. (Stealth+)))
You have tentacles for arms and can constrict up to eight enemies at once.


Message History

The helpless adder fails to defend itself.
You hit the adder. Your grab misses the adder.
The adder is moderately wounded.
The kobold shouts!
You hear an angry hiss.
The adder closely misses you.
The kobold throws a stone.
The stone misses you. The adder bites you.
You are poisoned.
The adder poisons you!
You hit the adder. You grab the adder.
The adder is heavily wounded.
You constrict the adder.
You feel sick. The adder bites you.
An adder comes into view.
The adder bites you.
You are lethally poisoned!
The adder poisons you!
Hit: e) staff of earth
Press: ? - help, Dir - move target, f - adder
Aim: an adder (severely wounded, constricted by you, about 21% to evade your staff of earth)
The adder hisses angrily.
You hit the adder. Your squeeze misses the adder.
The adder is almost dead.
You constrict the adder.
You kill the adder!
You feel very sick.
The kobold throws a stone.
The stone closely misses you.
Your Evocations skill increases to level 1!
* * * LOW HITPOINT WARNING * * *
You feel sick.
The kobold throws a stone.
The stone closely misses you.
* * * LOW HITPOINT WARNING * * *
You feel sick.
There is a stone staircase leading up here.
* * * LOW HITPOINT WARNING * * *
You feel sick.
The kobold throws a stone.
The stone barely misses you.
You climb upwards.
* * * LOW HITPOINT WARNING * * *
You feel sick.
There is a stone staircase leading down here.
It was a potion of might.
You feel very mighty all of a sudden.
You die...

## ######## .# #......# .#
#>.....# .# #####......#
.# #..........#
.###..........# ### ###
.##...........###.###.####
.........#######.........#
................@.....##.#
#.##..##.##.####..#...##.#
.........................#
..##.#...#.##.##.....#####
..##.......##.##.#####
..##.....####.##.#
###...#######.##.#
..#.#......).....#
..#.#............#


There were no monsters in sight!

Vanquished Creatures
  An adder (D:2)
  2 endoplasms
  2 giant cockroaches (D:1)
  3 hobgoblins (D:1)
  2 kobolds (D:1)
  A rat (D:2)
11 creatures vanquished.

Vanquished Creatures (others)
  3 plants (D:1)
3 creatures vanquished.

Grand Total: 14 creatures vanquished

Notes
Turn   | Place    | Note
-------+----------+-------------------------------------------
     0 | D:1      | gzilladon the Octopode Enchanter began the quest for the
                  | Orb.
     0 | D:1      | Reached XP level 1. HP: 11/11 MP: 3/3
   260 | D:1      | Reached XP level 2. HP: 16/17 MP: 5/5
   263 | D:1      | Learned a level 2 spell: Ensorcelled Hibernation
   345 | D:1      | Found a faded altar of an unknown god.
   715 | D:2      | Reached skill level 1 in Evocations
   719 | D:1      | Succumbed to an adder's poison

Illustrated notes

Levels and vault maps discovered:
D:1:      giann_bridges, layout_basic, hellmonk_ecumenical_altar_inner_sanctum
D:2:      layout_basic

Skill      XL: |  1  2 |
---------------+-------+-----
Evocations     | 1 |  1.2
Short Blades   | |  1.0
Dodging        | |  2.0
Stealth        | |  4.6
Spellcasting   | |  2.0
Hexes          | |  3.2

Action                   || total
-------------------------++-------
Melee: Dagger            ||    16
       Tentacles         ||     9
       Constrict         ||     5
       Staff             ||    12
 Cast: Ensorcelled Hiber ||     2
  Use: Potion            ||     2
 Stab: Sleeping          ||     6
Dodge: Dodged            ||    16

Table legend: (Time is in decaauts)
 A = Elapsed time spent in this place.
 B = Non-inter-level travel time spent in this place.
 C = Inter-level travel time spent in this place.
 D = Time resting spent in this place.
 E = Time spent auto-exploring this place.
 F = Levels seen in this place.
 G = Mean time per level.
                   A        B        C        D        E       F      G
               +--------+--------+--------+--------+--------+-----+--------+
         Total |    720 |    659 |     61 |    110 |      0 |   2 |  360.0 |
       Dungeon |    720 |    659 |     61 |    110 |      0 |   2 |  360.0 |
               +--------+--------+--------+--------+--------+-----+--------+

Top non-repeatable levels by time:
     D:1: 632 daAuts
     D:2: 87 daAuts
